 Dungeon Crawl Stone Soup version 0.24-a0-290-gbb66a672fa (console) character file.

Game seed: 10926475093894090603

81 Abuh the Cudgeler (level 4, 0/40 HPs)
             Began as a Minotaur Berserker on May 7, 2019.
             Was a Believer of Trog.
             Slain by Sigmund
             ... wielding a +0 scythe
              (11 damage)
             ... on level 2 of the Dungeon on May 8, 2019.
             The game lasted 00:03:58 (1537 turns).

Abuh the Cudgeler (Minotaur Berserker)              Turns: 1537, Time: 00:03:59

Health: 0/40       AC:  5    Str: 23    XL:     4   Next: 20%
Magic:  3/3        EV: 12    Int:  4    God:    Trog [**....]
Gold:   125        SH:  0    Dex:  9    Spells: 3/3 levels left

rFire    + . .     SeeInvis .   a - +0 mace
rCold    . . .     Gourm    .   (no shield)
rNeg     . . .     Faith    .   m - +2 leather armour {rF+}
rPois    .         Spirit   .   (helmet restricted)
rElec    .         Reflect  .   (no cloak)
rCorr    +         Harm     .   (no gloves)
MR       .....                  (no boots)
Stlth    ..........             (no amulet)
HPRegen  0.13/turn              g - ring of resist corrosion
MPRegen  0.08/turn              (no ring)

@: confused
A: retaliatory headbutt, horns 2
a: Berserk, Trog's Hand, Renounce Religion


You were on level 2 of the Dungeon.
You worshipped Trog.
Trog was pleased with you.
You were not hungry.

You visited 1 branch of the dungeon, and saw 2 of its levels.

You collected 125 gold pieces.

Inventory:

Hand Weapons
 a - a +0 mace (weapon)
Armour
 b - a +0 animal skin
 f - a +0 leather armour
 m - a +2 leather armour of fire resistance (worn)
Jewellery
 g - a ring of resist corrosion (left hand)
Scrolls
 d - a scroll of fear
 e - 2 scrolls of noise {unknown}
 k - 2 scrolls of remove curse
Potions
 h - a potion of lignification {unknown}
 i - a potion of flight {unknown}
 j - a potion of curing {unknown}
Comestibles
 c - 3 rations
 l - 2 chunks of flesh


   Skills:
 - Level 3.8 Fighting
 * Level 5.7 Maces & Flails
 - Level 2.7 Armour
 - Level 2.4 Dodging


You had 3 spell levels left.
You didn't know any spells.
Your spell library was empty.

Dungeon Overview and Level Annotations

Branches:
Dungeon (2/15)

Altars:

Annotations:
D:2 Sigmund


Innate Abilities, Weirdness & Mutations

You reflexively headbutt those who attack you in melee.
You have a pair of horns on your head.


Message History

The puff of flame hits you. You resist.
You see here a stone.
You see here a stone.
You are confused.
You bump into the rock wall.
Something barely misses you. Something hits you!
You see here a stone.
You closely miss something. You miss something. Your headbutt misses something.
You hear some strange, mumbled words.
A puff of flame appears from out of thin air!
The puff of flame hits you. You resist.
* * * LOW HITPOINT WARNING * * *
You're too confused!
You bump into the rock wall.
You hear some strange, mumbled words.
You are more confused.
Something hits you!
You die...

........#
#.#.##.#.........#####
..(.##.## #.#.##.#...........
....##.# #.#.##..........####
#...##.# #.#.##.###.######
....##.# #.#.##.# #.#
##..##.####.#.##.# #.#
##........#.#.##.###.########
##..##.####.#.##.#(.........#
##..##..)...#.##.#..........#
###.##.####.#.##@#..........#
# #..#...........((.........#
# #..#.####.#.##.#..........#
# #..#...[..#.##.#).........#
###..#.######.##.#..........#
.......# #.##.#..........#
.......# #.##.############
.......#### #.##.#
......>...# #.##.#
..........###.##.#


There were no monsters in sight!

Vanquished Creatures
  4 adders (D:2)
  4 dart slugs (D:1)
  A ball python (D:1)
  2 goblins (D:2)
  5 hobgoblins
  6 jackals
  5 kobolds
  4 bats
  A frilled lizard (D:2)
  6 rats
38 creatures vanquished.

Notes
Turn   | Place    | Note
-------+----------+-------------------------------------------
     0 | D:1      | Abuh the Minotaur Berserker began the quest for the Orb.
     0 | D:1      | Reached XP level 1. HP: 19/19 MP: 0/0
   122 | D:1      | Reached XP level 2. HP: 26/27 MP: 1/1
   235 | D:1      | Reached skill level 4 in Maces & Flails
   710 | D:2      | Reached XP level 3. HP: 21/33 MP: 2/2
   711 | D:2      | Reached ** piety under Trog
   965 | D:2      | Reached skill level 5 in Maces & Flails
  1311 | D:2      | Reached XP level 4. HP: 40/40 MP: 3/3
  1457 | D:2      | Upgraded the game from 0.24-a0-284-g9fb9971df1 to
                  | 0.24-a0-290-gbb66a672fa
  1513 | D:2      | Noticed Sigmund
  1537 | D:2      | Slain by Sigmund

Levels and vault maps discovered:
D:1:      psy_arrival_fountain, layout_basic
D:2:      layout_basic, uniq_sigmund

Skill      XL: |  1  2  3 |
---------------+----------+-----
Maces & Flails | 4 5 |  5.7
Fighting       | |  3.8
Armour         | |  2.7
Dodging        | |  2.4

Action                   |  1- 3 |  4- 6 || total
-------------------------+-------+-------++-------
Melee: Mace              |    53 |    13 ||    66
       Headbutt          |    13 |       ||    13
  Use: Scroll            |     6 |       ||     6
  Eat: Chunk             |     1 |     1 ||     2
Armor: Animal skin       |     2 |       ||     2
       Leather armour    |    11 |     2 ||    13
Dodge: Dodged            |    42 |    12 ||    54

Table legend:
 A = Non-vault XP
 B = Vault XP
 C = Vault XP percentage of total XP
 D = Non-vault monster count
 E = Vault monster count
 F = Vault count percentage of total count
                 A         B        C        D         E       F
            +---------+---------+-------+---------+---------+-------
      Total |     117 |       0 |   0.0 |      38 |       0 |   0.0
            +---------+---------+-------+---------+---------+-------
        D:1 |      40 |       0 |   0.0 |      19 |       0 |   0.0
        D:2 |      77 |       0 |   0.0 |      19 |       0 |   0.0
            +---------+---------+-------+---------+---------+-------
